 Dungeon Crawl Stone Soup version 0.22-a0-240-g539252a (webtiles) character file.

168 tidbits the Slasher (level 5, -1/41 HPs)
             Began as a Gnoll Wanderer on Feb 21, 2018.
             Slain by an orc warrior
             ... wielding a +0 short sword
              (12 damage)
             ... on level 7 of the Dungeon.
             The game lasted 00:05:10 (757 turns).

tidbits the Slasher (Gnoll Wanderer)                 Turns: 757, Time: 00:05:11

Health: -1/41      AC:  8    Str: 14    XL:     5   Next: 49%
Magic:  9/9        EV: 11    Int: 23    God:
Gold:   142        SH:  4    Dex: 12    Spells: 10/10 levels left

rFire    . . .     SeeInvis .   d - +0 falchion
rCold    . . .     Gourm    .   D - +0 buckler
rNeg     . . .     Faith    .   B - +0 ring mail
rPois    .         Spirit   .   (no helmet)
rElec    .         Reflect  .   (no cloak)
rCorr    .         Harm     .   (no gloves)
MR       .....                  (no boots)
Stlth    +.........             (no amulet)
HPRegen  0.13/turn              U - +3 ring of protection
MPRegen  0.11/turn              (no ring)

@: brilliant
A: distributed training, fangs 1, strong nose
a: no special abilities


You were on level 7 of the Dungeon.
You were not hungry.

You visited 1 branch of the dungeon, and saw 5 of its levels.

You collected 142 gold pieces.

Inventory:

Hand Weapons
 d - a +0 falchion (weapon)
 k - a +0 dagger
Missiles
 b - a throwing net {!f}
 e - 4 tomahawks (quivered)
 g - 43 arrows
Armour
 a - a +0 leather armour
 B - a +0 ring mail (worn)
 D - a +0 buckler (worn)
Jewellery
 U - a +3 ring of protection (left hand)
   (You found it on level 1 of the Dungeon)
Wands
 m - a wand of flame (21)
Scrolls
 c - a scroll of teleportation
 h - 3 scrolls of identify {unknown}
 j - 2 scrolls of remove curse {unknown}
 l - a scroll of amnesia {unknown}
Potions
 i - a potion of brilliance
Comestibles
 f - 4 rations


   Skills:
 + Level 3.0 Fighting
 + Level 1.4 Short Blades
 + Level 6.7 Long Blades
 + Level 1.4 Axes
 + Level 1.4 Maces & Flails
 + Level 1.4 Polearms
 + Level 1.4 Staves
 + Level 1.4 Slings
 + Level 1.4 Bows
 + Level 1.4 Crossbows
 + Level 1.4 Throwing
 + Level 1.4 Armour
 + Level 3.0 Dodging
 + Level 2.7 Stealth
 + Level 3.0 Shields
 + Level 1.4 Unarmed Combat
 + Level 3.1 Spellcasting
 + Level 1.1 Conjurations
 + Level 1.1 Hexes
 + Level 1.1 Charms
 + Level 1.1 Summonings
 + Level 1.1 Necromancy
 + Level 1.1 Translocations
 + Level 1.1 Transmutations
 + Level 3.9 Fire Magic
 + Level 1.1 Ice Magic
 + Level 1.1 Air Magic
 + Level 1.1 Earth Magic
 + Level 1.1 Poison Magic
 + Level 1.6 Invocations
 + Level 1.4 Evocations


You had 10 spell levels left.
You didn't know any spells.

Dungeon Overview and Level Annotations

Branches:
Dungeon (4/15)
 Temple: D:4-7

Altars:
Zin


Innate Abilities, Weirdness & Mutations

Your experience applies equally to all skills.
You have very sharp teeth.
Your uncanny sense of smell can sniff out nearby items.


Message History

Unknown command.
You slash the bullfrog!
The bullfrog is severely wounded.
The bullfrog struggles against the net.
The orc wizard gestures wildly while chanting.
The orc wizard blinks!
You hit the bullfrog.
The bullfrog is almost dead.
The bullfrog struggles against the net.
The orc wizard hits you but does no damage.
The bullfrog struggles against the net.
The net rips apart, and the bullfrog comes free!
The orc wizard hits you but does no damage.
You completely miss the bullfrog.
The bullfrog is almost dead.
The bullfrog hits you but does no damage.
The orc wizard hits you but does no damage.
You closely miss the orc wizard.
The bullfrog hits you but does no damage.
You block the orc wizard's attack. You block the bullfrog's attack.
You closely miss the bullfrog.
The bullfrog is almost dead.
The orc wizard hits you with a dagger.
* * * LOW HITPOINT WARNING * * *
The orc wizard casts a spell.
The orc wizard blinks!
You block the bullfrog's attack. The orc wizard hits you with a dagger.
* * * LOW HITPOINT WARNING * * *
You slash the bullfrog!
You kill the bullfrog!
Your Fighting skill increases to level 3!
Your Dodging skill increases to level 3!
Your Shields skill increases to level 3!
You have reached level 5!
The orc warrior throws a tomahawk.
The tomahawk hits you but does no damage.
The orc wizard hits you but does no damage.
You hit the orc wizard.
The orc wizard is moderately wounded.
The orc wizard hits you but does no damage.
The orc warrior throws a tomahawk.
The tomahawk barely misses you.
The tomahawk hits the orc wizard!
The orc wizard hits you but does no damage.
You closely miss the orc wizard.
The orc wizard is almost dead.
The orc warrior throws a tomahawk.
The tomahawk closely misses you.
The tomahawk hits the orc wizard!
The orc wizard dies!
The orc wizard gestures wildly while chanting.
The orc wizard blinks!
The orc warrior hits you with a short sword!
* * * LOW HITPOINT WARNING * * *
You see here a bullfrog corpse.
Fire/throw which item? (* to show all) (? for menu, Esc to quit)
Really fire
b - 3 throwing nets {!f}?
Press: ? - help, Shift-Dir - straight line, f - orc warrior
Aim: an orc warrior, wielding a short sword and wearing a plate armour You throw a throwing net {!f}.
The throwing net {!f} barely misses the orc warrior.
The orc warrior closely misses you.
You riposte.
You slash the orc warrior!
The orc warrior is moderately wounded.
Fire/throw which item? (* to show all) (? for menu, Esc to quit)
Really fire
b - 2 throwing nets {!f}? [Y]es or [N]o only, please.
Really fire
b - 2 throwing nets {!f}?
Press: ? - help, Shift-Dir - straight line, f - orc wizard, p - orc warrior
Aim: an orc wizard, wielding a dagger and wearing a robe (fast)
You throw a throwing net {!f}.
The throwing net {!f} hits the orc warrior.
The orc warrior is caught in the net!
The orc warrior is moderately wounded.
The orc warrior struggles against the net.
The orc wizard casts a spell.
The orc wizard blinks!
You hit the orc warrior but do no damage.
You bite the orc warrior, but do no damage.
The orc warrior is moderately wounded.
The orc warrior struggles against the net.
Wield which item (- for none, * to show all)? (? for menu, Esc to quit)
k - a +0 dagger (weapon)
You barely miss the orc warrior.
The orc warrior is moderately wounded.
The orc warrior struggles against the net.
You hit the orc warrior.
The orc warrior is moderately wounded.
The orc warrior struggles against the net.
You hit the orc warrior but do no damage.
The orc warrior is moderately wounded.
The orc wizard gestures wildly while chanting.
The orc wizard blinks!
The orc warrior struggles against the net.
The net rips apart, and the orc warrior comes free!
Wield which item (- for none, * to show all)? (? for menu, Esc to quit)
That's the wrong kind of item! (Use * to select it.) Wield which item (- for none, * to show all)? (? for menu, Esc to quit)
You don't have any such object.
Wield which item (- for none, * to show all)? (? for menu, Esc to quit)
d - a +0 falchion (weapon)
The orc warrior hits you with a short sword!
You die...

#. #.##
...# ##..#
∆ ....
####..#
#....(# #(#
# #@#
#.###.###o#
#.........#
#####..#§##
#.....#
#.o......
#.......###
##.....##
##...##


You could see an orc warrior.

Vanquished Creatures
  A bullfrog (D:7)
  A hound (D:4)
  An adder (D:4)
  An ooze (D:1)
  An adder skeleton (D:4)
  A worm (D:2)
  A leopard gecko (D:2)
  A giant cockroach (D:1)
  6 goblins
  3 hobgoblins (D:1)
  8 jackals
  12 bats
  2 frilled lizards
  5 kobolds
  2 rats
46 creatures vanquished.

Vanquished Creatures (others)
  An orc wizard (D:7)
1 creature vanquished.

Grand Total: 47 creatures vanquished

Notes
Turn   | Place    | Note
-------+----------+-------------------------------------------
     0 | D:1      | tidbits the Gnoll Wanderer began the quest for the Orb.
     0 | D:1      | tidbits set off with: a +0 leather armour, 4 throwing nets {!f}, a scroll of teleportation, a +0 falchion, a ration
     0 | D:1      | Reached XP level 1. HP: 17/17 MP: 4/4
   192 | D:1      | Reached XP level 2. HP: 16/23 MP: 5/5
   382 | D:1      | Reached XP level 3. HP: 25/28 MP: 7/7
   485 | D:2      | Reached skill level 1 in Invocations
   648 | D:2      | Reached skill level 1 in Short Blades
   648 | D:2      | Reached skill level 1 in Axes
   648 | D:2      | Reached skill level 1 in Maces & Flails
   648 | D:2      | Reached skill level 1 in Polearms
   648 | D:2      | Reached skill level 1 in Staves
   648 | D:2      | Reached skill level 1 in Slings
   648 | D:2      | Reached skill level 1 in Bows
   648 | D:2      | Reached skill level 1 in Crossbows
   648 | D:2      | Reached skill level 1 in Throwing
   648 | D:2      | Reached skill level 1 in Armour
   648 | D:2      | Reached skill level 1 in Unarmed Combat
   648 | D:2      | Reached skill level 1 in Evocations
   695 | D:4      | Reached XP level 4. HP: 30/34 MP: 8/8
   707 | D:4      | Reached skill level 3 in Spellcasting
   718 | D:4      | Reached skill level 1 in Conjurations
   718 | D:4      | Reached skill level 1 in Hexes
   718 | D:4      | Reached skill level 1 in Charms
   718 | D:4      | Reached skill level 1 in Summonings
   718 | D:4      | Reached skill level 1 in Necromancy
   718 | D:4      | Reached skill level 1 in Translocations
   718 | D:4      | Reached skill level 1 in Transmutations
   718 | D:4      | Reached skill level 1 in Ice Magic
   718 | D:4      | Reached skill level 1 in Air Magic
   718 | D:4      | Reached skill level 1 in Earth Magic
   718 | D:4      | Reached skill level 1 in Poison Magic
   725 | D:4      | Found a glowing silver altar of Zin.
   729 | D:4      | You fall through a shaft for 3 floors!
   729 | D:7      | Noticed a bullfrog
   729 | D:7      | Noticed an orc warrior
   746 | D:7      | Killed a bullfrog
   746 | D:7      | Reached skill level 3 in Fighting
   746 | D:7      | Reached skill level 3 in Dodging
   746 | D:7      | Reached skill level 3 in Shields
   746 | D:7      | Reached XP level 5. HP: 16/41 MP: 9/9
   757 | D:7      | Slain by an orc warrior

Vault maps used:
D:1:      scummos_arrival_star, grunt_decor_resistance, minmay_ruptured
D:3:      first_ration, minmay_misc_feat_iff
D:4:      lemuel_doored_altar, kennysheep_mini_moat, temple_green, serial_shops,
          shop, kennysheep_small_spiral
D:7:      minitemple, grunt_ogre_cave, nicolae_ru_the_path_less_chosen

Skill      XL: |  1  2  3  4 |
---------------+-------------+-----
Invocations    | 1 |  1.6
Short Blades   | 1 |  1.4
Axes           | 1 |  1.4
Maces & Flails | 1 |  1.4
Polearms       | 1 |  1.4
Staves         | 1 |  1.4
Slings         | 1 |  1.4
Bows           | 1 |  1.4
Crossbows      | 1 |  1.4
Throwing       | 1 |  1.4
Armour         | 1 |  1.4
Unarmed Combat | 1 |  1.4
Evocations     | 1 |  1.4
Spellcasting   | 3 |  3.1
Conjurations   | 1 |  1.1
Hexes          | 1 |  1.1
Charms         | 1 |  1.1
Summonings     | 1 |  1.1
Necromancy     | 1 |  1.1
Translocations | 1 |  1.1
Transmutations | 1 |  1.1
Ice Magic      | 1 |  1.1
Air Magic      | 1 |  1.1
Earth Magic    | 1 |  1.1
Poison Magic   | 1 |  1.1
Fighting       | 3 |  3.0
Dodging        | 3 |  3.0
Shields        | 3 |  3.0
Long Blades    | |  6.7
Stealth        | |  2.7
Fire Magic     | |  3.9

Action                   |  1- 3 |  4- 6 || total
-------------------------+-------+-------++-------
Melee: Falchion          |   114 |    36 ||   150
       Bite              |    10 |     3 ||    13
       Dagger            |       |     3 ||     3
Throw: Throwing net      |       |     3 ||     3
  Use: Scroll            |     1 |       ||     1
       Potion            |       |     1 ||     1
 Stab: Sleeping          |     1 |       ||     1
Armor: Leather armour    |     3 |       ||     3
       Ring mail         |    48 |    22 ||    70
Dodge: Dodged            |    87 |    19 ||   106
Block: Buckler           |     6 |    10 ||    16
       Rpst.: Falchion   |    31 |     6 ||    37

Table legend:
 A = Spawn XP
 B = Non-spawn XP
 C = Spawn XP percentage of total XP
 D = Spawn monster count
 E = Non-spawn monster count
 F = Spawn count percentage of total count
 G = Total turns spent on level
                    A         B        C        D         E        F      G
               +---------+---------+-------+---------+---------+-------+---------
         Total |       0 |     241 |   0.0 |       0 |      47 |   0.0 |   757
               +---------+---------+-------+---------+---------+-------+---------
           D:1 |       0 |      43 |   0.0 |       0 |      23 |   0.0 |   444
           D:2 |       0 |      27 |   0.0 |       0 |      14 |   0.0 |   134
           D:3 |       0 |       9 |   0.0 |       0 |       5 |   0.0 |    94
           D:4 |       0 |      61 |   0.0 |       0 |       3 |   0.0 |    57
           D:7 |       0 |     101 |   0.0 |       0 |       2 |   0.0 |    28
               +---------+---------+-------+---------+---------+-------+---------

Table legend:
 A = Turns spent in this place as a percentage of turns spent in the entire game.
 B = Non-inter-level travel turns spent in this place as a percentage of non-inter-level travel turns spent in the entire game.
 C = Inter-level travel turns spent in this place as a percentage of turns spent in this place.
 D = Turns resting spent in this place as a percentage of non-inter-level travel turns spent in this place.
 E = Turns spent auto-exploring this place as a percentage of non-inter-level travel turns spent in this place.
 F = Non-inter-level travel turns spent in this place divided by the number of levels of this place that you've seen.
                   A       B       C       D       E      F
               +-------+-------+-------+-------+-------+----------------------
         Total | 100.0 | 100.0 |   0.0 |   0.0 |   0.0 | 151.4
       Dungeon | 100.0 | 100.0 |   0.0 |   0.0 |   0.0 | 151.4
               +-------+-------+-------+-------+-------+----------------------

Table legend:
 A = Kills in this place as a percentage of kills in entire the game.
 B = Kills by you in this place as a percentage of kills by you in the entire game.
 C = Kills by friends in this place as a percentage of kills by friends in the entire game.
 D = Other kills in this place as a percentage of other kills in the entire game.
 E = Experience gained in this place as a percentage of experience gained in the entire game.
 F = Experience gained in this place divided by the number of levels of this place that you have seen.
                   A       B       C       D       E      F
               +-------+-------+-------+-------+-------+----------------------
         Total | 100.0 | 100.0 |   N/A | 100.0 | 100.0 |  48.2
       Dungeon | 100.0 | 100.0 |   N/A | 100.0 | 100.0 |  48.2
               +-------+-------+-------+-------+-------+----------------------

Vault maps used:
D:1:      scummos_arrival_star, grunt_decor_resistance, minmay_ruptured
D:3:      first_ration, minmay_misc_feat_iff
D:4:      lemuel_doored_altar, kennysheep_mini_moat, temple_green, serial_shops,
          shop, kennysheep_small_spiral
D:7:      minitemple, grunt_ogre_cave, nicolae_ru_the_path_less_chosen
